AoeStats
← Mynor Valdez

Black Forest

508796682Analyzed
4v4 RM · 9d ago on Sep 24, 2026· 74m 5s· 8 players
Game mode
Random Map
Map size
Large (8 player)
Population
200
Speed
Normal
Resources
Standard
Victory
Conquest
Starting age
Dark Age
Ending age
Imperial Age
RankedLock teamsTeams togetherTeam positionsShared explorationLock speedFull tech treeHidden civsTurbo modeCheats
Victory
Defeat
🇺🇸 Persians · United States
761
+14
🇺🇸 Varangians · United States
758
+14
🇬🇹 Koreans · Guatemala
697
+30
🇺🇸 Teutons · United States
693
+16
🇬🇧 Varangians · United Kingdom
761
-18
🇧🇷 Saxons · Brazil
713
-15
🇨🇳 Turks · China
698
-15
🇦🇺 Poles · Australia
642
-12
DaveyJones
0:50 Loom
13:29 Feudal Age
15:09 Double-Bit Axe
15:16 Horse Collar
16:29 Wheelbarrow
20:33 Stone Mining
23:19 Castle Age
21:32 Gold Mining
22:12 Scale Mail Armor
24:40 Stone Shaft Mining
24:08 Heavy Plow
26:26 Squires
26:41 Bloodlines
27:15 Bow Saw
27:18 Pikeman
30:49 Hand Cart
32:29 Elite Skirmisher
35:45 Fortified Wall
35:47 Forging
37:06 Padded Archer Armor
37:43 Iron Casting
38:47 Chain Mail Armor
38:24 Fletching
44:07 Imperial Age
43:16 Ironclad
43:46 Scale Barding Armor
43:39 Bodkin Arrow
46:27 Two-Man Saw
46:02 Crop Rotation
46:30 Plate Mail Armor
48:15 Chemistry
47:33 Cavalier
51:15 Elite Teutonic Knight
60:41 Halberdier
63:50 Leather Archer Armor
64:35 Blast Furnace
67:32 Chain Barding Armor
67:38 Bombard Tower
68:42 Paladin
D4RKK
0:55 Loom
12:27 Feudal Age
13:25 Double-Bit Axe
13:22 Horse Collar
15:01 Stone Mining
17:55 Wheelbarrow
17:37 Gold Mining
23:37 Castle Age
22:11 Scale Barding Armor
25:14 Bow Saw
25:07 Heavy Plow
28:11 Stone Shaft Mining
28:11 Gold Shaft Mining
29:16 Pikeman
29:56 Squires
30:04 Kamandaran
31:56 Ballistics
31:54 Forging
33:09 Hand Cart
34:01 Bloodlines
33:52 Husbandry
33:40 Gambesons
34:47 Town Watch
35:06 Caravan
35:30 Crossbowman
36:16 Thumb Ring
36:37 Parthian Tactics
36:15 Scale Mail Armor
36:17 Padded Archer Armor
40:31 Imperial Age
38:30 Leather Archer Armor
39:44 Chain Mail Armor
40:04 Iron Casting
39:52 Chain Barding Armor
39:23 Fletching
39:03 Light Cavalry
39:30 Arson
39:09 Elite Skirmisher
39:48 Murder Holes
39:44 Guard Tower
40:25 Cavalier
41:01 Halberdier
42:53 Chemistry
42:24 Town Patrol
41:52 Savar
43:45 Two-Man Saw
43:24 Crop Rotation
43:52 Guilds
46:08 Plate Barding Armor
46:04 Ring Archer Armor
46:38 Plate Mail Armor
47:08 Blast Furnace
46:04 Bodkin Arrow
47:59 Masonry
48:05 Citadels
47:28 Sappers
47:39 Heavy Camel Rider
49:32 Hoardings
58:31 Architecture
60:20 Conscription
67:47 Heated Shot
68:01 Devotion
73:36 Coinage
Strive4Richs601
1:03 Loom
16:43 Feudal Age
22:34 Castle Age
22:29 Bloodlines
22:08 Arson
22:35 Forging
22:31 Scale Barding Armor
22:27 Scale Mail Armor
22:18 Fletching
22:11 Horse Collar
22:19 Double-Bit Axe
22:42 Gold Mining
27:42 Heavy Plow
28:14 Bow Saw
30:21 Wheelbarrow
29:32 Town Watch
31:41 Husbandry
33:46 Stone Mining
33:57 Caravan
34:15 Fortified Wall
34:52 Vendel Legacy
36:25 Iron Casting
36:30 Stone Shaft Mining
35:28 Light Cavalry
36:24 Devotion
36:54 Hand Cart
41:08 Imperial Age
40:07 Chain Barding Armor
40:26 Town Patrol
41:31 Chain Mail Armor
41:11 Bodkin Arrow
41:17 Padded Archer Armor
41:17 Murder Holes
41:03 Treadmill Crane
41:34 Masonry
41:45 Ballistics
42:02 Elite Skirmisher
42:48 Gambesons
43:04 Squires
42:24 Pikeman
42:36 Cavalier
43:52 Conscription
44:14 Elite Jarl
51:15 Chemistry
50:21 Siege Engineers
50:47 Architecture
62:08 Hussar
67:04 Blast Furnace
66:40 Plate Barding Armor
66:08 Bracer
66:24 Leather Archer Armor
Mynor Valdez
13:04 Loom
17:50 Feudal Age
20:12 Double-Bit Axe
23:00 Wheelbarrow
28:10 Castle Age
30:20 Fletching
31:12 Crossbowman
36:20 Ballistics
36:38 Hand Cart
36:28 Man-at-Arms
39:07 Bow Saw
43:31 Imperial Age
44:04 Long Swordsman
46:53 Heavy Rocket Cart
48:51 Arbalester
52:13 Gold Mining
52:21 Stone Mining
56:37 Thumb Ring
GUSTAVO-nardes
0:30 Loom
14:57 Feudal Age
16:13 Double-Bit Axe
16:54 Horse Collar
24:49 Castle Age
26:57 Fletching
27:09 Scale Mail Armor
27:09 Padded Archer Armor
32:06 Bodkin Arrow
32:27 Leather Archer Armor
32:27 Chain Mail Armor
36:35 Heavy Plow
36:52 Bow Saw
41:19 Imperial Age
41:56 Cranequins
42:21 Heavy Mounted Crossbowman
44:04 Ballistics
46:10 Two-Man Saw
48:49 Elite Hearth Troop
50:18 Bracer
50:29 Forging
50:50 Plate Mail Armor
50:50 Ring Archer Armor
51:12 Shield Wall
54:11 Thumb Ring
Executioner's Bong
0:31 Loom
14:37 Feudal Age
15:30 Double-Bit Axe
18:58 Horse Collar
22:51 Stone Mining
22:55 Gold Mining
25:21 Castle Age
25:58 Fletching
26:21 Forging
26:37 Bow Saw
27:39 Fortified Wall
29:41 Bodkin Arrow
31:06 Heavy Plow
32:22 Wheelbarrow
33:59 Treadmill Crane
34:53 Hand Cart
36:44 Masonry
37:57 Stone Shaft Mining
38:22 Caravan
38:28 Murder Holes
39:29 Bloodlines
41:17 Iron Casting
40:48 Scale Barding Armor
41:54 Ballistics
45:54 Imperial Age
43:31 Guard Tower
45:26 Chain Barding Armor
47:59 Chemistry
47:32 Architecture
46:37 Elite Jarl
47:39 Conscription
49:19 Bracer
50:20 Blast Furnace
49:55 Plate Barding Armor
53:15 Scale Mail Armor
53:56 Gambesons
我喜欢狐臭
1:20 Loom
12:39 Feudal Age
21:45 Castle Age
21:46 Stone Mining
21:51 Gold Mining
22:07 Double-Bit Axe
22:28 Horse Collar
25:19 Bloodlines
29:48 Bow Saw
29:34 Fletching
29:44 Padded Archer Armor
30:47 Heavy Plow
31:47 Wheelbarrow
33:51 Caravan
34:22 Coinage
34:37 Town Watch
35:07 Hand Cart
35:39 Gold Shaft Mining
35:58 Leather Archer Armor
35:38 Bodkin Arrow
35:54 Forging
35:46 Scale Mail Armor
37:03 Husbandry
37:31 Sipahi
40:34 Imperial Age
38:42 Iron Casting
38:13 Scale Barding Armor
40:50 Chain Mail Armor
40:56 Town Patrol
42:17 Two-Man Saw
42:32 Blast Furnace
42:03 Ring Archer Armor
41:34 Bracer
42:14 Elite Janissary
43:17 Conscription
44:06 Artillery
44:47 Hoardings
48:40 Chain Barding Armor
48:47 Ballistics
48:41 Masonry
51:04 Plate Barding Armor
61:49 Heavy Scorpion
MachTerran
14:44 Feudal Age
16:11 Double-Bit Axe
16:09 Horse Collar
23:43 Castle Age
24:46 Fletching
24:56 Padded Archer Armor
25:06 Scale Barding Armor
25:12 Forging
25:06 Caravan
29:27 Wheelbarrow
29:38 Heavy Plow
32:13 Imperial Age
32:29 Imperial Age
30:16 Gold Mining
33:19 Husbandry
33:32 Bloodlines
32:44 Cavalier
34:35 Crop Rotation
34:34 Chain Barding Armor
34:50 Iron Casting
34:37 Hand Cart
35:36 Light Cavalry
37:14 Ballistics
37:54 Chemistry
37:03 Siege Engineers
37:10 Masonry
39:15 Blast Furnace
38:17 Scale Mail Armor
38:43 Loom
39:23 Elite Obuch
40:25 Conscription
40:26 Winged Hussar
42:02 Hoardings
41:58 Murder Holes
41:49 Arrowslits
42:15 Szlachta Privileges
43:10 Chain Mail Armor
42:57 Padded Archer Armor
42:52 Bodkin Arrow
47:56 Fortified Wall
54:32 Lechitic Legacy
Connection lost

Rejoining the realm…

Still unreachable

The connection could not be restored.

Session expired

The server has moved on; the page needs a fresh start.